cohdb
Replays
Latest Replays
All Replays
Popular Replays
Top Player Replays
Match Explorer
How It Works
Community
CoH3 Stats
Reddit
Sign in to upload your games and track your stats! →
Sign in with Steam
Match 42759883
Unlisted
Match 42759883
Overview
Messages
Build Orders
End
Panzergrenadier Squad
Kradschützen Motorcycle Team
Selects Italian Combined Arms Battlegroup
Panzergrenadier Squad
Construct Light Support Kompanie
250 Light Carrier
Combat Half-tracks
Fire Support Elements
Flakvierling Half-track
Vehicle Survival Package
Panzerjäger Mechanized Group
Construct Mechanized Kompanie
Emergency Repair Kits
Selects Semovente da 75/18 Assault Gun
Selects Strafing Run
Construct Panzerarmee Kommand
Jarkke
Setti-Veke
ViiKumi
RECIO_ARMY
Josephsson
droid
0
0
Comments
sign in to comment!
No comments posted yet!